 Dungeon Crawl Stone Soup version 0.28.0-45-g0d030f2227 (webtiles) character file.

Game seed: 16067028030294601182

354 Peloso the Covered (level 6, -3/55 HPs)
             Began as a Minotaur Fighter on Mar 31, 2022.
             Slain by an orc priest
             ... wielding a +0 flail
              (7 damage)
             ... on level 3 of the Dungeon.
             The game lasted 00:05:49 (2689 turns).

Peloso the Covered (Minotaur Fighter)               Turns: 2689, Time: 00:05:50

Health: -3/55      AC: 10    Str: 20    XL:     6   Next: 35%
Magic:  5/5        EV:  9    Int:  5    God:
Gold:   95         SH:  5    Dex: 12    Spells: 5/5 levels left

rFire   . . .      SeeInvis .   a - +0 long sword
rCold   . . .      Faith    .   c - +0 buckler
rNeg    . . .      Spirit   .   t - +0 scale mail
rPois   .          Reflect  .   (helmet restricted)
rElec   .          Harm     .   (no cloak)
rCorr   .          Rampage  .   h - +2 pair of gloves
Will    .....                   (no boots)
Stlth   ..........              (no amulet)
HPRegen 0.18/turn               (no ring)
MPRegen 0.09/turn               (no ring)

@: no status effects
A: horns 2, retaliatory headbutt
a: no special abilities


You were on level 3 of the Dungeon.
You visited 1 branch of the dungeon, and saw 3 of its levels.

You collected 115 gold pieces.
You spent 20 gold pieces at shops.

Inventory:

Hand Weapons
 a - a +0 long sword (weapon)
 b - a +0 war axe of flaming
Armour
 c - a +0 buckler (worn)
 h - a +2 pair of gloves (worn)
 t - a +0 scale mail (worn)
Jewellery
 o - a ring of see invisible
Scrolls
 e - a scroll of torment {unknown}
 g - a scroll of magic mapping {unknown}
 i - 2 scrolls of enchant armour {unknown}
 j - a scroll of silence {unknown}
 k - a scroll of summoning {unknown}
 m - 2 scrolls of teleportation {unknown}
 n - 3 scrolls of identify
 p - a scroll of noise {unknown}
 q - 2 scrolls of fear {unknown}
Potions
 d - a potion of might
 f - a potion of haste {unknown}
 l - a potion of berserk rage {unknown}
 r - a potion of lignification {unknown}
 s - a potion of brilliance {unknown}


   Skills:
 + Level 4.8 Fighting
 + Level 5.1 Long Blades
 + Level 5.3 Armour
 + Level 1.0 Dodging
 + Level 1.0 Stealth
 + Level 4.6 Shields


You had 5 spell levels left.
You didn't know any spells.
Your spell library contained the following spells:

 Spells                   Type           Power      Damage    Failure   Level
 Summon Guardian Golem    Hex/Summ       0%         N/A       99%         3
 Orb of Destruction       Conj           0%         9d5       100%        7
 Spellforged Servitor     Conj/Summ      0%         N/A       100%        7


Dungeon Overview and Level Annotations

Branches:
Dungeon (3/15)

Altars:

Shops:
D:2 ?


Innate Abilities, Weirdness & Mutations

You have a pair of horns on your head.
You reflexively headbutt those who attack you in melee.


Message History

You finish putting on your +0 scale mail.
An orc priest comes into view.
It is wielding a +0 flail and carrying a wand of paralysis (10).
The orc shouts!
The orc priest shouts!
The orc priest looks braver for a moment.
An orc comes into view. It is wielding a +0 hand axe.
The orc shouts!
The orc priest miscasts a cantrip.
The orc priest calls down the wrath of Beogh upon you.
Beogh smites you!
The orc priest invokes the aid of Beogh against you.
Pain shoots through your body!
The orc priest invokes the aid of Beogh against you.
Beogh smites you!
The orc priest hits you with a +0 flail.
* * * LOW HITPOINT WARNING * * *
You slash the orc priest!
The orc priest is heavily wounded.
The orc priest mumbles some strange prayers to Beogh against you.
You barely resist.
The orc priest hits you but does no damage.
You closely miss the orc priest. Your headbutt misses the orc priest.
The orc priest is heavily wounded.
You slash the orc!
You kill the orc!
The orc priest invokes the aid of Beogh against you.
Pain shoots through your body!
* * * LOW HITPOINT WARNING * * *
The orc priest hits you with a +0 flail.
* * * LOW HITPOINT WARNING * * *
Items here: $ ) [ †.
Unknown command.
Okay, then.
You closely miss the orc priest.
The orc priest is heavily wounded.
You block the orc priest's attack.
Unknown command.
You barely miss the orc priest.
The orc priest is heavily wounded.
The orc priest hits you with a +0 flail!
You die...

####### # ....... #
....... # ....... #
....... ######## #
.......### #......#
#.......# #.####.# #
#o.# #@# ##.# ##
#..#####o###..# ##.
#..o...#o##..##
###.. ####......#.##
#...# #...#....###
##.###
##.........######..#
##............#..##
##..#.###.##...##
#..#.# #.(#..).#


You could see an orc priest and an orc.

Vanquished Creatures
  Sigmund (D:2)
  A hound (D:3)
  Natasha (D:2)
  An orc wizard (D:3)
  Robin (D:2)
  2 adders (D:2)
  2 worms (D:3)
  4 dart slugs
  6 orcs (D:3)
  5 endoplasms
  2 giant cockroaches
  9 goblins (D:2)
  6 hobgoblins
  4 jackals (D:3)
  A quokka (D:1)
  5 ball pythons
  4 bats
  2 frilled lizards (D:1)
  4 kobolds
  10 rats
71 creatures vanquished.

Vanquished Creatures (others)
  A goblin (D:2)
1 creature vanquished.

Grand Total: 72 creatures vanquished

Notes
Turn   | Place    | Note
-------+----------+-------------------------------------------
     0 | D:1      | Peloso the Minotaur Fighter began the quest for the Orb.
     0 | D:1      | Reached XP level 1. HP: 19/19 MP: 0/0
   135 | D:1      | Reached XP level 2. HP: 27/27 MP: 1/1
   812 | D:2      | Noticed Sigmund
   844 | D:2      | Noticed Natasha
   846 | D:2      | Killed Natasha
   847 | D:2      | Reached XP level 3. HP: 17/33 MP: 2/2
  1072 | D:2      | Noticed Robin
  1097 | D:2      | Killed Robin
  1098 | D:2      | Reached XP level 4. HP: 27/40 MP: 3/3
  1291 | D:2      | Found Teiwyozu's Magic Scroll Shoppe.
  1311 | D:2      | Bought a scroll of identify for 20 gold pieces
  1898 | D:2      | Killed Sigmund
  1899 | D:2      | Reached skill level 5 in Armour
  1899 | D:2      | Reached skill level 1 in Stealth
  1899 | D:2      | Reached XP level 5. HP: 45/47 MP: 4/4
  1899 | D:2      | Reached XP level 6. HP: 50/53 MP: 5/5
  2403 | D:3      | Reached skill level 1 in Dodging
  2439 | D:3      | Reached skill level 5 in Long Blades
  2689 | D:3      | Slain by an orc priest

Illustrated notes

Levels and vault maps discovered:
D:1:      ncdulo_smallfort, layout_loops_ring, minivault_11
D:2:      layout_basic, serial_shops, nicolae_shop_trees, supply_closet_lemuel,
          uniq_natasha, uniq_sigmund, uniq_robin
D:3:      layout_rooms

Skill      XL: |  1  2  3  4  5  6 |
---------------+-------------------+-----
Fighting       | 4 |  4.8
Shields        | 4 |  4.6
Armour         | 4 5 |  5.3
Long Blades    | 3 4 5 |  5.1
Stealth        | 1 |  1.0
Dodging        | 1 |  1.0

Action                   |  1- 3 |  4- 6 || total
-------------------------+-------+-------++-------
Melee: Long sword        |    53 |    87 ||   140
       Headbutt          |     4 |    11 ||    15
Armor: Scale mail        |    29 |    48 ||    77
Dodge: Dodged            |    31 |    47 ||    78
Block: Buckler           |    14 |    20 ||    34
